 Dungeon Crawl Stone Soup version 0.27.1-1-g398f81649c (webtiles) character file.

Game seed: 13279015595911237926

837 ZARRMARR the Sneak (level 7, -5/48 HPs)
             Began as an Octopode Brigand on Sept 9, 2021.
             Was an Initiate of Okawaru.
             Killed from afar by an orc wizard (10 damage)
             ... with a puff of flame
             ... on level 3 of the Dungeon.
             The game lasted 00:18:33 (4806 turns).

ZARRMARR the Sneak (Octopode Brigand)               Turns: 4806, Time: 00:18:34

Health: -5/48      AC:  1    Str:  9 (10) XL:     7   Next: 99%
Magic:  0/7        EV: 14    Int: 13 (15) God:    Okawaru [......]
Gold:   113        SH:  0    Dex: 11 (14) Spells: 6/6 levels left

rFire    . . .     SeeInvis .   a - +3 dagger
rCold    . . .     Faith    .   (no shield)
rNeg     . . .     Spirit   +   (helmet restricted)
rPois    .         Reflect  .   f - amulet of guardian spirit
rElec    .         Harm     .   (no ring)
rCorr    .         Rampage  .   (no ring)
Will     .....                  (no ring)
Stlth    ++++......             (no ring)
HPRegen  0.16/turn              (no ring)
MPRegen  0.10/turn              (no ring)
                                (no ring)
                                (no ring)

@: very slightly contaminated, invisible
A: almost no armour, amphibious, 8 rings, camouflage 1, gelatinous body 1,
(nimble swimmer 1), tentacles
a: Renounce Religion


You were on level 3 of the Dungeon.
You worshipped Okawaru.
Okawaru was noncommittal.
You visited 2 branches of the dungeon, and saw 6 of its levels.
You also visited: Sewer.

You collected 113 gold pieces.

Inventory:

Hand Weapons
 a - a +3 dagger (weapon)
Missiles
 b - 9 poisoned darts (quivered)
 c - 2 curare-tipped darts
 q - a throwing net
Jewellery
 f - an amulet of guardian spirit (around mantle)
Wands
 e - a wand of digging (4)
 i - a wand of polymorph (10)
Scrolls
 h - a scroll of amnesia
 j - a scroll of holy word {unknown}
 n - a scroll of fear {unknown}
 s - a scroll of teleportation {unknown}
Potions
 k - a potion of flight {unknown}
 l - a potion of brilliance {unknown}
 m - a potion of magic {unknown}
 o - a potion of lignification {unknown}
 r - a potion of degeneration


   Skills:
 + Level 4.2 Fighting
 * Level 5.8 Short Blades
 - Level 2.0 Throwing
 + Level 3.8 Dodging
 + Level 7.7 Stealth


You had 6 spell levels left.
You didn't know any spells.
Your spell library contained the following spells:

 Spells                   Type           Power      Damage    Failure   Level
 Animate Skeleton         Necr           0%         N/A       30%         1
 Pain                     Necr           0%         1d4       30%         1
 Blink                    Tloc           N/A        N/A       43%         2
 Vampiric Draining        Necr           0%         2d6       67%         3
 Manifold Assault         Tloc           0%         N/A       100%        5
 Storm Form               Tmut/Air       0%         N/A       100%        7


Dungeon Overview and Level Annotations

Branches:
Dungeon (5/15)             Temple (1/1) D:4           Sewer (visited)

Altars:
Ashenzari
Cheibriados
Dithmenos
Elyvilon
Fedhas
Hepliaklqana
Kikubaaqudgha
Makhleb
Nemelex Xobeh
Okawaru
Qazlal
Ru
Sif Muna
Trog
Uskayaw
Vehumet
Wu Jian
Xom
Yredelemnul
Zin
The Shining One


Innate Abilities, Weirdness & Mutations

You cannot wear most types of armour.
You are amphibious.
You can wear up to eight rings at the same time.
Your skin changes colour to match your surroundings (Stealth+).
Your rubbery body absorbs attacks. (AC +1, EV +1)
((You are camouflaged near water. (Stealth+)))
You have tentacles for arms and can constrict up to eight enemies at once.


Message History

You resist with some effort.
You hit the orc wizard. You squeeze the orc wizard.
The orc wizard is heavily wounded.
The orc wizard mumbles some strange words.
The orc wizard flickers and vanishes!
Deactivating autopickup; reactivate with Ctrl-A.
You're too confused to move!
Something hits you.
You writhe in agony.
You feel less confused.
You see here 21 arrows.
The orc wizard casts a spell at you.
A magic dart appears from out of thin air!
The magic dart hits you!
A puff of flame appears from out of thin air!
The puff of flame hits you!
You are confused.
You bump into the rock wall.
You bump into the rock wall.
Something hits you.
* * * LOW HITPOINT WARNING * * *
You writhe in agony.
* * * LOW HITPOINT WARNING * * *
You're too confused to move!
Something hits you.
* * * LOW HITPOINT WARNING * * *
You writhe in agony.
* * * LOW HITPOINT WARNING * * *
It was a potion of degeneration.
There was something very wrong with that liquid.
You feel weakened.
You feel dopey.
You feel clumsy.
You feel less confused.
The orc wizard points at you and mumbles some strange words.
The puff of flame hits something.
Something hits you.
* * * LOW HITPOINT WARNING * * *
It was a potion of invisibility.
You fade into invisibility!
Something hits you.
* * * LOW HITPOINT WARNING * * *
You are very lightly contaminated with residual magic.
You hear some strange, mumbled words.
A puff of flame appears from out of thin air!
The puff of flame hits you!
You die...

## #.# ##
#^##############
#.###.(......o{.@.#
#.#.############.#
#)## #.# #(# #.# #)#
#.# #(# #(# ### #(#
#.###...## #(# #####
##.##.....### #.#
#...#####...#........


You could see an orc wizard.

Vanquished Creatures
  An orc warrior (D:3)
  2 necrophages
  2 bullfrogs (Sewer)
  A howler monkey (D:5)
  A hound (D:4)
  Jessica (D:2)
  2 iguanas (D:4)
  An orc wizard (D:3)
  Terence (D:3)
  A hound skeleton (D:5)
  4 gnolls (D:3)
  6 adders
  A white imp (D:5)
  4 dart slugs
  6 orcs
  2 bats
  18 endoplasms
  11 giant cockroaches
  4 goblins
  6 hobgoblins
  11 quokkas
  11 ball pythons
  18 frilled lizards
  8 kobolds
  4 rats
127 creatures vanquished.

Notes
Turn   | Place    | Note
-------+----------+-------------------------------------------
     0 | D:1      | ZARRMARR the Octopode Brigand began the quest for the Orb.
     0 | D:1      | Reached XP level 1. HP: 14/14 MP: 1/1
    76 | D:1      | Reached XP level 2. HP: 9/19 MP: 2/2
   848 | D:1      | Found a faded altar of an unknown god.
   980 | D:2      | Reached XP level 3. HP: 24/24 MP: 3/3
  1122 | D:2      | Noticed Jessica
  1131 | D:2      | Killed Jessica
  1184 | D:2      | Reached XP level 4. HP: 30/30 MP: 4/4
  2099 | D:3      | Reached skill level 6 in Stealth
  2109 | D:3      | Reached XP level 5. HP: 31/35 MP: 3/5
  2304 | D:3      | You fall into a shaft and drop 2 floors!
  2304 | D:5      | Entered Level 5 of the Dungeon
  2312 | D:5      | Noticed a necrophage
  2319 | D:5      | Killed a necrophage
  2418 | D:5      | Reached XP level 6. HP: 17/42 MP: 4/6
  2478 | D:5      | Found a glowing drain.
  2493 | Sewer    | Entered a sewer
  3296 | Sewer    | Reached skill level 5 in Short Blades
  3296 | Sewer    | Reached skill level 7 in Stealth
  3296 | Sewer    | Reached XP level 7. HP: 47/47 MP: 7/7
  3832 | D:4      | Found a staircase to the Ecumenical Temple.
  3842 | Temple   | Entered the Ecumenical Temple
  3914 | Temple   | Became a worshipper of Warmaster Okawaru
  4716 | D:3      | Noticed Terence
  4719 | D:3      | Killed Terence
  4806 | D:3      | Killed from afar by an orc wizard

Illustrated notes

Levels and vault maps discovered:
D:1:      mrwooster_arrival_arrow, layout_rooms,
          hellmonk_ecumenical_altar_prayer_group
D:2:      layout_basic, serial_rivers, chequers_serial_rivers_small_3,
          chequers_serial_rivers_large_b, chequers_serial_rivers_micro_c,
          chequers_serial_rivers_room_b, chequers_serial_rivers_large_a,
          uniq_jessica
D:3:      layout_loops_ring, mainiacjoe_overflow_alcove_4, uniq_terence
D:4:      layout_basic, minmay_temple_entry_sparse_star
D:5:      layout_gridville, gup_sewer_entry_pipe
Temple:   dpeg_three_leaves_temple

Skill      XL: |  1  2  3  4  5  6  7 |
---------------+----------------------+-----
Short Blades   | 3 4 5 |  5.8
Dodging        | 2 3 |  3.8
Stealth        | 6 7 |  7.7
Fighting       | 3 4 |  4.2
Throwing       | |  2.0

Action                   |  1- 3 |  4- 6 |  7- 9 || total
-------------------------+-------+-------+-------++-------
Melee: Dagger            |    51 |   163 |    73 ||   287
       Constrict         |    10 |    34 |    12 ||    56
       Tentacles         |     3 |    28 |    22 ||    53
Throw: Dart              |     4 |    24 |    14 ||    42
  Use: Scroll            |       |     2 |     2 ||     4
       Potion            |       |       |     2 ||     2
 Stab: Sleeping          |    10 |    20 |     2 ||    32
Armor: Skin              |     2 |     6 |       ||     8
Dodge: Dodged            |    15 |    76 |    25 ||   116
